 Dungeon Crawl Stone Soup version 0.30-a0-1085-g990a428a5c (webtiles) character file.

Game seed: 364263271074735324

459 jlumianski the Chopper (level 6, -1/48 HPs)
             Began as a Demonspawn Fighter on Apr 17, 2023.
             Slain by Pikel
             ... wielding a +2 whip of freezing
              (3 damage)
             ... on level 3 of the Dungeon.
             The game lasted 00:08:20 (3331 turns).

jlumianski the Chopper (Demonspawn Fighter)         Turns: 3331, Time: 00:08:20

Health: -1/48      AC: 10    Str: 19    XL:     6   Next: 78%
Magic:  6/6        EV:  9    Int:  9    God:
Gold:   173        SH:  4    Dex: 12    Spells: 5/5 levels left

rFire   . . .      SeeInvis .    a - +1 war axe
rCold   . . .      Faith    .    c - +0 buckler
rNeg    . . .      Spirit   .    b - +0 scale mail
rPois   .          Reflect  .    (no helmet)
rElec   .          Rampage  .    (no cloak)
rCorr   .                        (no gloves)
Will    .....                    (no boots) Stlth
                                 (no amulet)
HPRegen 0.28/turn                (no ring)
MPRegen 0.10/turn                (no ring)

@: no status effects
A: slimy green scales 2, weakness stinger 2
a: no special abilities


You were on level 3 of the Dungeon.
You visited 1 branch of the dungeon, and saw 5 of its levels.

You collected 173 gold pieces.

Inventory:

Hand Weapons
 a - a +1 war axe (weapon)
Missiles
 f - 41 stones (quivered)
Armour
 b - a +0 scale mail (worn)
 c - a +0 buckler (worn)
 r - a +0 pair of gloves
Jewellery
 g - a ring of magical power
 s - a ring of wizardry
Scrolls
 d - a scroll of blinking {unknown}
 h - 2 scrolls of enchant weapon
 i - 2 scrolls of poison
 k - a scroll of vulnerability {unknown}
 m - 2 scrolls of teleportation
 n - a scroll of identify {unknown}
Potions
 e - a potion of attraction {unknown}
 j - a potion of resistance {unknown}
 l - a potion of berserk rage {unknown}
 o - a potion of heal wounds {unknown}
 p - a potion of flight {unknown}
 q - a potion of brilliance {unknown}


   Skills:
 + Level 3.9 Fighting
 + Level 4.7 Axes
 + Level 3.9 Armour
 + Level 1.8 Dodging
 + Level 0.2 Stealth
 + Level 3.2 Shields


You had 5 spell levels left.
You didn't know any spells.
Your spell library contained the following spells:

 Spells                   Type           Power      Damage    Failure   Level
 Apportation              Tloc           0%         N/A       83%         1
 Necrotise                Necr           0%         1d4       83%         1
 Summon Small Mammal      Summ           0%         N/A       83%         1
 Blink                    Tloc           0%         N/A       93%         2
 Manifold Assault         Tloc           0%         N/A       100%        4
 Storm Form               Tmut/Air       0%         N/A       100%        7


Dungeon Overview and Level Annotations

Branches:
Dungeon (5/15)
 Temple: D:4-7

Altars:
Fedhas

Annotations:
D:2 1 runed translucent door, Crazy Yiuf
D:3 Pikel


Innate Abilities, Weirdness & Mutations

You are mostly covered in slimy green scales. (AC +3)
You have a tail ending in a sharp stinger.


Message History

Pikel hits you with a +2 whip of freezing.
Pikel freezes you.
You hit Pikel.
Pikel is lightly wounded.
Pikel hits you with a +2 whip of freezing.
Pikel freezes you. Pikel barely misses you.
You slash Pikel!
Pikel is moderately wounded.
Pikel closely misses you.
You closely miss Pikel.
Pikel is moderately wounded.
Pikel hits you with a +2 whip of freezing.
Pikel freezes you.
You barely miss Pikel.
Pikel is moderately wounded.
Pikel hits you with a +2 whip of freezing.
Pikel freezes you. Pikel hits you but does no damage.
You hit Pikel but do no damage.
Pikel is moderately wounded.
Pikel hits you with a +2 whip of freezing.
Pikel freezes you.
You closely miss Pikel.
Pikel is moderately wounded.
Pikel hits you but does no damage.
You closely miss Pikel.
Pikel is moderately wounded.
Pikel hits you with a +2 whip of freezing.
* * * LOW HITPOINT WARNING * * *
Pikel freezes you.
* * * LOW HITPOINT WARNING * * *
Pikel hits you with a +2 whip of freezing.
* * * LOW HITPOINT WARNING * * *
Pikel freezes you.
* * * LOW HITPOINT WARNING * * *
You closely miss Pikel.
Pikel is moderately wounded.
Pikel hits you with a +2 whip of freezing!
* * * LOW HITPOINT WARNING * * *
Pikel freezes you.
You die...

#..........##..........'
#..........##........#.#
#..........#.........#.#
#..........#.........#.#
#..........#.........#.#
#..[.................#.#
#..........##........#.#
#..........##........#.#
#.....[@...##........#.#
#......K...###########..
####.....### #.. #.[...#
###.. #.....# #....
#.....# #.#.. #.....#
#######.### #.....#
#.......... #.....#
#..........


You could see Pikel.

Vanquished Creatures
  Sigmund (D:2)
  Duvessa (D:3)
  Dowan (D:3)
  An orc priest (D:3)
  Natasha (D:3)
  An adder (D:2)
  3 worms
  3 dart slugs
  5 orcs
  11 bats
  3 endoplasms
  4 giant cockroaches
  5 goblins
  4 hobgoblins
  4 jackals (D:3)
  4 kobolds
  2 quokkas (D:1)
  2 ball pythons
  2 frilled lizards (D:1)
  6 rats
64 creatures vanquished.

Notes
Turn   | Place    | Note
-------+----------+-------------------------------------------
     0 | D:1      | jlumianski the Demonspawn Fighter began the quest for the
                  | Orb.
     0 | D:1      | Reached XP level 1. HP: 18/18 MP: 1/1
   207 | D:2      | Gained mutation: You are partially covered in slimy green
                  | scales. (AC +2) [demonic ancestry]
   207 | D:2      | Reached XP level 2. HP: 24/24 MP: 2/2
   317 | D:2      | Reached skill level 2 in Axes
   661 | D:1      | Gained mutation: You are mostly covered in slimy green
                  | scales. (AC +3) [demonic ancestry]
   661 | D:1      | Reached XP level 3. HP: 18/29 MP: 3/3
  1584 | D:4      | Noticed Duvessa
  1584 | D:4      | Noticed Dowan
  1692 | D:2      | Found a runed translucent door.
  1693 | D:2      | Noticed Crazy Yiuf
  1806 | D:2      | Noticed Sigmund
  1817 | D:2      | HP: 1/29 [Sigmund/+0 scythe (3)]
  1819 | D:2      | Killed Sigmund
  1820 | D:2      | Reached skill level 3 in Axes
  1820 | D:2      | Reached skill level 1 in Dodging
  1820 | D:2      | Gained mutation: You have a small tail. [demonic ancestry]
  1820 | D:2      | Reached XP level 4. HP: 2/37 MP: 4/4
  1820 | D:2      | Gained mutation: You have a tail ending in a sharp stinger.
                  | [demonic ancestry]
  1820 | D:2      | Reached XP level 5. HP: 3/42 MP: 5/5
  2121 | D:3      | Found a blossoming altar of Fedhas.
  2223 | D:5      | Entered Level 5 of the Dungeon
  2387 | D:3      | Reached skill level 4 in Axes
  2387 | D:3      | Reached XP level 6. HP: 29/48 MP: 6/6
  2931 | D:3      | Noticed Natasha
  2934 | D:3      | Killed Natasha
  3198 | D:4      | Noticed Pikel
  3203 | D:3      | Killed Duvessa
  3225 | D:3      | Killed Dowan
  3331 | D:3      | HP: 2/48 [Pikel/+2 whip of freezing (10)]
  3331 | D:3      | Slain by Pikel

Illustrated notes

Levels and vault maps discovered:
D:1:      dpeg_arrival_line_fractal, layout_basic
D:2:      layout_basic, uniq_sigmund, uniq_crazy_yiuf_cottage
D:3:      layout_basic, mainiacjoe_overflow_six_doors_small, uniq_natasha
D:4:      layout_loops_ring, mainiacjoe_overflow_alcove_3,
          minmay_temple_entry_nine_rooms, nicolae_ossuary_entry_ruins,
          minmay_misc_feat_enclosed, pf_guarded_unrand_delatra, uniq_duvessa,
          uniq_pikel
D:5:      layout_basic, minmay_manual_mares

Skill      XL: |  1  2  3  4  5 |
---------------+----------------+-----
Axes           | 2 3 4 |  4.7
Armour         | 3 |  3.9
Shields        | 3 |  3.2
Dodging        | 1 |  1.8
Fighting       | |  3.9
Stealth        | |  0.2

Action                     |  1- 3 |  4- 6 || total
---------------------------+-------+-------++-------
  Melee: War axe           |   151 |    64 ||   215
         Tailslap          |       |     6 ||     6
    Use: Scroll            |     2 |     1 ||     3
         Potion            |     1 |     1 ||     2
 Armour: Scale mail        |    96 |    26 ||   122
  Dodge: Dodged            |    69 |    25 ||    94
  Block: Buckler           |    30 |     7 ||    37

Table legend: (Time is in decaauts)
 A = Elapsed time spent in this place.
 B = Non-inter-level travel time spent in this place.
 C = Inter-level travel time spent in this place.
 D = Time resting spent in this place.
 E = Time spent auto-exploring this place.
 F = Levels seen in this place.
 G = Mean time per level.
                   A        B        C        D        E       F      G
               +--------+--------+--------+--------+--------+-----+--------+
         Total |   3404 |   3247 |    157 |    311 |   2095 |   5 |  680.8 |
       Dungeon |   3404 |   3247 |    157 |    311 |   2095 |   5 |  680.8 |
               +--------+--------+--------+--------+--------+-----+--------+

Top non-repeatable levels by time:
     D:3: 1239 daAuts
     D:2: 1068 daAuts
     D:1: 992 daAuts
     D:4: 97 daAuts
     D:5: 7 daAuts
